TOP OF THE 1ST |
Spanish Fork HS batting - Pitching for Dublin Jerome HS Celtics : RHP Gilbert Bright
|
Pitching: RHP Gilbert Bright
|
|
Batting: RHB Javier Ortíz
|
0-0: Ball 1-0: Ball 2-0: Called Strike 2-1: Swinging Strike 2-2: Ball 3-2: Base on Balls
|
Batting: RHB Steve Meyers
|
0-0: Ball Javier Ortíz steals 2nd base 1-0: Foul Ball, location: 2F 1-1: Swinging Strike 1-2: Strikes out looking
|
Batting: LHB Geoffrey Bird
|
0-0: Swinging Strike 0-1: Ball 1-1: Ball 2-1: Ground out 1-3 (Groundball, 13S) Javier Ortíz to third
|
Batting: SHB Rafael Acosta
|
0-0: Foul Ball, location: 2F 0-1: SINGLE (Flyball, 7LS) Javier Ortíz scores
|
Batting: LHB Victor Stuart
|
0-0: Called Strike Rafael Acosta steals 2nd base 0-1: Ball 1-1: Swinging Strike 1-2: Ball 2-2: Strikes out swinging
|
Top of the 1st over - 1 run(s), 1 hit(s), 0 error(s), 1 left on base; Spanish Fork HS 1 - Dublin Jerome HS 0 |
BOTTOM OF THE 1ST |
Dublin Jerome HS Celtics batting - Pitching for Spanish Fork HS : RHP Patrick Curtis
|
Pitching: RHP Patrick Curtis
|
|
Batting: RHB Luis Árias
|
0-0: Called Strike 0-1: Swinging Strike 0-2: Ball 1-2: Foul Ball, location: 2F 1-2: Ball 2-2: Strikes out looking
|
Batting: RHB Dylan Warren
|
0-0: Ball 1-0: Ball 2-0: Foul Ball, location: 2F 2-1: DOUBLE (Line Drive, 56D)
|
Batting: RHB Chris Boone
|
0-0: Foul Ball, location: 2F 0-1: SINGLE (Line Drive, 34) Dylan Warren to third Throwing error, E9 Dylan Warren scores Chris Boone to second
|
Batting: LHB Patrick Ferguson
|
0-0: Foul Ball, location: 2F 0-1: Called Strike 0-2: Ball 1-2: Foul Ball, location: 2F 1-2: Foul Ball, location: 2F 1-2: Foul Ball, location: 2F 1-2: Strikes out looking
|
Batting: RHB Mitchell Darragh
|
0-0: Swinging Strike 0-1: Swinging Strike 0-2: Foul Ball, location: 2F 0-2: Strikes out looking
|
Bottom of the 1st over - 1 run(s), 2 hit(s), 1 error(s), 1 left on base; Spanish Fork HS 1 - Dublin Jerome HS 1 |
TOP OF THE 2ND |
Spanish Fork HS batting - Pitching for Dublin Jerome HS Celtics : RHP Gilbert Bright
|
Batting: LHB Mal Jiménez
|
0-0: Ball 1-0: Ball 2-0: Swinging Strike 2-1: Swinging Strike 2-2: Strikes out swinging
|
Batting: RHB Simon Lee
|
0-0: Called Strike 0-1: Foul Ball, location: 2F 0-2: Strikes out swinging
|
Batting: RHB Mark Whiffen
|
0-0: Swinging Strike 0-1: Called Strike 0-2: Ball 1-2: Foul Ball, location: 2F 1-2: Foul Ball, location: 2F 1-2: Strikes out swinging
|
Top of the 2nd over - 0 run(s), 0 hit(s), 0 error(s), 0 left on base; Spanish Fork HS 1 - Dublin Jerome HS 1 |
BOTTOM OF THE 2ND |
Dublin Jerome HS Celtics batting - Pitching for Spanish Fork HS : RHP Patrick Curtis
|
Batting: SHB Tim Mullen
|
0-0: Ball 1-0: Called Strike 1-1: Called Strike 1-2: Foul Ball, location: 2F 1-2: Strikes out swinging
|
Batting: RHB Stan Crosby
|
0-0: Ground out 6-3 (Groundball, 6)
|
Batting: RHB Wilbert Bernard
|
0-0: Ball 1-0: Called Strike 1-1: Ball 2-1: Foul Ball, location: 2F 2-2: Foul Ball, location: 2F 2-2: SINGLE (Groundball, 3D)
|
Batting: SHB Mac Jones
|
0-0: Ball Wilbert Bernard steals 2nd base 1-0: SINGLE (Groundball, 4MD) Wilbert Bernard to third Runner from 3rd tries for Home, SAFE, no throw or cutoff
|
Batting: RHB Luis Árias
|
0-0: Ball 1-0: Ball 2-0: Called Strike 2-1: Ball 3-1: Base on Balls Mac Jones to second
|
Batting: RHB Dylan Warren
|
0-0: Foul Ball, location: 2F 0-1: Ball 1-1: Ball 2-1: Swinging Strike 2-2: Fly out, F9 (Flyball, 9M)
|
Bottom of the 2nd over - 1 run(s), 2 hit(s), 0 error(s), 2 left on base; Spanish Fork HS 1 - Dublin Jerome HS 2 |
TOP OF THE 3RD |
Spanish Fork HS batting - Pitching for Dublin Jerome HS Celtics : RHP Gilbert Bright
|
Batting: RHB Ray Hernández
|
0-0: Ball 1-0: Ball 2-0: Ball 3-0: Called Strike 3-1: Base on Balls
|
Batting: RHB Javier Ortíz
|
0-0: Ball 1-0: Ball Wild Pitch! Ray Hernández to second 2-0: Ball 3-0: Base on Balls
|
Batting: RHB Steve Meyers
|
0-0: Ball 1-0: Foul Ball, location: 2F 1-1: Swinging Strike 1-2: Ball 2-2: Strikes out looking
|
Batting: LHB Geoffrey Bird
|
0-0: Ball 1-0: Ball 2-0: Swinging Strike 2-1: SINGLE (Groundball, 34D) Ray Hernández to third Javier Ortíz to second Runner from 3rd tries for Home, throw and OUT! Javier Ortíz to third Geoffrey Bird to second
|
Batting: SHB Rafael Acosta
|
0-0: Called Strike 0-1: Swinging Strike 0-2: Foul Ball, location: 2F 0-2: Foul Ball, location: 2F 0-2: Ball 1-2: Foul Ball, location: 2F 1-2: Ground out 6-3 (Groundball, 6)
|
Top of the 3rd over - 0 run(s), 1 hit(s), 0 error(s), 2 left on base; Spanish Fork HS 1 - Dublin Jerome HS 2 |
BOTTOM OF THE 3RD |
Dublin Jerome HS Celtics batting - Pitching for Spanish Fork HS : RHP Patrick Curtis
|
Batting: RHB Chris Boone
|
0-0: Ball 1-0: Foul Ball, location: 2F 1-1: Ball 2-1: SINGLE (Groundball, 4MD)
|
Batting: LHB Patrick Ferguson
|
0-0: Foul Ball, location: 2F 0-1: Ball 1-1: Ground out 4-3 (Groundball, 4MS) Chris Boone to second
|
Batting: RHB Mitchell Darragh
|
0-0: Ball Chris Boone steals 3rd base 1-0: Called Strike 1-1: Swinging Strike 1-2: Ball 2-2: Ball 3-2: Foul Ball, location: 2F 3-2: Strikes out swinging
|
Batting: SHB Tim Mullen
|
0-0: Ball 1-0: Called Strike 1-1: Fly out, F7 (Popup, 78S)
|
Bottom of the 3rd over - 0 run(s), 1 hit(s), 0 error(s), 1 left on base; Spanish Fork HS 1 - Dublin Jerome HS 2 |
TOP OF THE 4TH |
Spanish Fork HS batting - Pitching for Dublin Jerome HS Celtics : RHP Gilbert Bright
|
Batting: LHB Victor Stuart
|
0-0: Called Strike 0-1: Foul Ball, location: 2F 0-2: Ball 1-2: Ball 2-2: Strikes out swinging
|
Batting: LHB Mal Jiménez
|
0-0: Foul Ball, location: 2F 0-1: Called Strike 0-2: Foul Ball, location: 2F 0-2: Strikes out looking
|
Batting: RHB Simon Lee
|
0-0: Ball 1-0: Ball 2-0: Ball 3-0: Called Strike 3-1: Foul Ball, location: 2F 3-2: Ground out 4-3 (Groundball, 4)
|
Top of the 4th over - 0 run(s), 0 hit(s), 0 error(s), 0 left on base; Spanish Fork HS 1 - Dublin Jerome HS 2 |
BOTTOM OF THE 4TH |
Dublin Jerome HS Celtics batting - Pitching for Spanish Fork HS : RHP Patrick Curtis
|
Batting: RHB Stan Crosby
|
0-0: Ball 1-0: Ball 2-0: Ball 3-0: Called Strike 3-1: Called Strike 3-2: Foul Ball, location: 2F 3-2: Base on Balls
|
Batting: RHB Wilbert Bernard
|
0-0: Ball 1-0: Ball 2-0: Foul Ball, location: 2F 2-1: Foul Ball, location: 2F 2-2: Ball 3-2: Foul Ball, location: 2F 3-2: SINGLE (Groundball, 4M) Stan Crosby to second
|
Batting: SHB Mac Jones
|
0-0: Ball 1-0: Called Strike 1-1: Ball 2-1: Ball 3-1: Fly out, F3 (Line Drive, 3S) 3-1: Lined into DP, U3 (Line Drive, 3S)
|
Pitching: LHP Curt James
|
|
Batting: RHB Luis Árias
|
0-0: Fly out, F5 (Popup, 15)
|
Bottom of the 4th over - 0 run(s), 1 hit(s), 0 error(s), 1 left on base; Spanish Fork HS 1 - Dublin Jerome HS 2 |
TOP OF THE 5TH |
Spanish Fork HS batting - Pitching for Dublin Jerome HS Celtics : RHP Gilbert Bright
|
Batting: RHB Mark Whiffen
|
0-0: Ball 1-0: Ball 2-0: Ball 3-0: Called Strike 3-1: Fly out, F7 (Flyball, 7M)
|
Pitching: RHP Jonathan Nieves
|
|
Batting: RHB Ray Hernández
|
0-0: Ball 1-0: Ground out 6-3 (Groundball, 6S)
|
Batting: RHB Javier Ortíz
|
0-0: SINGLE (Groundball, 25) (infield hit)
|
Batting: RHB Steve Meyers
|
0-0: Called Strike Javier Ortíz steals 2nd base 0-1: Foul Ball, location: 2F 0-2: Ball Wild Pitch! Javier Ortíz to third 1-2: SINGLE (Line Drive, 4MD) Javier Ortíz scores
|
Batting: LHB Geoffrey Bird
|
0-0: Ball 1-0: Foul Ball, location: 2F 1-1: Ball 2-1: Ball 3-1: Foul Ball, location: 2F 3-2: Foul Ball, location: 2F 3-2: Strikes out swinging
|
Top of the 5th over - 1 run(s), 2 hit(s), 0 error(s), 1 left on base; Spanish Fork HS 2 - Dublin Jerome HS 2 |
BOTTOM OF THE 5TH |
Dublin Jerome HS Celtics batting - Pitching for Spanish Fork HS : LHP Curt James
|
Batting: RHB Dylan Warren
|
0-0: Swinging Strike 0-1: Fly out, F8 (Flyball, 8LS)
|
Batting: RHB Chris Boone
|
0-0: Ball 1-0: Foul Ball, location: 2F 1-1: Fly out, F9 (Flyball, 9LS)
|
Batting: LHB Patrick Ferguson
|
0-0: Ball 1-0: Foul Ball, location: 2F 1-1: Foul Ball, location: 2F 1-2: Foul Ball, location: 2F 1-2: Ball 2-2: Fly out, F9 (Flyball, 89M)
|
Bottom of the 5th over - 0 run(s), 0 hit(s), 0 error(s), 0 left on base; Spanish Fork HS 2 - Dublin Jerome HS 2 |
TOP OF THE 6TH |
Spanish Fork HS batting - Pitching for Dublin Jerome HS Celtics : RHP Jonathan Nieves
|
Batting: SHB Rafael Acosta
|
0-0: Foul Ball, location: 2F 0-1: Ball 1-1: Called Strike 1-2: Strikes out swinging
|
Batting: LHB Victor Stuart
|
0-0: Ball 1-0: Called Strike 1-1: Fly out, F8 (Flyball, 8LM)
|
Batting: LHB Mal Jiménez
|
0-0: Foul Ball, location: 2F 0-1: Ball 1-1: Called Strike 1-2: Strikes out swinging
|
Top of the 6th over - 0 run(s), 0 hit(s), 0 error(s), 0 left on base; Spanish Fork HS 2 - Dublin Jerome HS 2 |
BOTTOM OF THE 6TH |
Dublin Jerome HS Celtics batting - Pitching for Spanish Fork HS : LHP Curt James
|
Batting: RHB Mitchell Darragh
|
0-0: SINGLE (Line Drive, 6MD)
|
Batting: SHB Tim Mullen
|
0-0: Fielders Choice at 2nd, 1-6 (Groundball, 15S)
|
Batting: RHB Stan Crosby
|
0-0: Called Strike 0-1: SINGLE (Line Drive, 6D) Tim Mullen to second
|
Batting: RHB Wilbert Bernard
|
0-0: Ball Stan Crosby steals 2nd base Tim Mullen to third 1-0: Foul Ball, location: 2F 1-1: DOUBLE (Line Drive, 8LM) Tim Mullen scores Stan Crosby scores
|
Batting: SHB Mac Jones
|
0-0: Ground out 5-3 (Groundball, 56S) Wilbert Bernard to third
|
Batting: RHB Luis Árias
|
0-0: Ball 1-0: Ground out 5-3 (Groundball, 56)
|
Bottom of the 6th over - 2 run(s), 3 hit(s), 0 error(s), 1 left on base; Spanish Fork HS 2 - Dublin Jerome HS 4 |
TOP OF THE 7TH |
Spanish Fork HS batting - Pitching for Dublin Jerome HS Celtics : RHP Jonathan Nieves
|
Batting: RHB Simon Lee
|
0-0: Foul Ball, location: 2F 0-1: Fly out, F3 (Popup, 3D)
|
Pitching: RHP Don Feightner
|
|
Batting: RHB Mark Whiffen
|
0-0: Called Strike 0-1: Ground out U3 (Groundball, 3S)
|
Batting: RHB Ray Hernández
|
0-0: Called Strike 0-1: Swinging Strike 0-2: Foul Ball, location: 2F 0-2: Ball 1-2: Strikes out swinging
|
Top of the 7th over - 0 run(s), 0 hit(s), 0 error(s), 0 left on base; Spanish Fork HS 2 - Dublin Jerome HS 4 |
BOTTOM OF THE 7TH |
Dublin Jerome HS Celtics batting - Pitching for Spanish Fork HS : LHP Curt James
|
Pitching: RHP Jake Seals
|
|
Batting: RHB Dylan Warren
|
0-0: Ball 1-0: Ball 2-0: Foul Ball, location: 2F 2-1: Foul Ball, location: 2F 2-2: Foul Ball, location: 2F 2-2: Ball 3-2: Foul Ball, location: 2F 3-2: Base on Balls
|
Batting: RHB Chris Boone
|
0-0: Swinging Strike 0-1: Ball 1-1: Called Strike 1-2: Strikes out looking
|
Batting: LHB Patrick Ferguson
|
0-0: Called Strike 0-1: Foul Ball, location: 2F 0-2: Foul Ball, location: 2F 0-2: Ball 1-2: Strikes out swinging
|
Batting: RHB Mitchell Darragh
|
0-0: Ball 1-0: Ground out 4-3 (Groundball, 4)
|
Bottom of the 7th over - 0 run(s), 0 hit(s), 0 error(s), 1 left on base; Spanish Fork HS 2 - Dublin Jerome HS 4 |
TOP OF THE 8TH |
Spanish Fork HS batting - Pitching for Dublin Jerome HS Celtics : RHP Don Feightner
|
Batting: RHB Javier Ortíz
|
0-0: Swinging Strike 0-1: Swinging Strike 0-2: Ball 1-2: Ball 2-2: Ball 3-2: Strikes out swinging
|
Batting: RHB Steve Meyers
|
0-0: Called Strike 0-1: Ball 1-1: Ball 2-1: Ground out 6-3 (Groundball, 6M)
|
Batting: LHB Geoffrey Bird
|
0-0: Called Strike 0-1: Called Strike 0-2: Ball 1-2: Ball 2-2: Ground out 6-3 (Groundball, 6)
|
Top of the 8th over - 0 run(s), 0 hit(s), 0 error(s), 0 left on base; Spanish Fork HS 2 - Dublin Jerome HS 4 |
BOTTOM OF THE 8TH |
Dublin Jerome HS Celtics batting - Pitching for Spanish Fork HS : RHP Jake Seals
|
Batting: SHB Tim Mullen
|
0-0: Foul Ball, location: 2F 0-1: Swinging Strike 0-2: Ball 1-2: Ground out 5-3 (Groundball, 56)
|
Batting: RHB Stan Crosby
|
0-0: DOUBLE (Line Drive, 5L)
|
Batting: RHB Wilbert Bernard
|
0-0: Ball 1-0: SINGLE (Flyball, 7LS) Stan Crosby to third Runner from 3rd tries for Home, SAFE, throw made home
|
Batting: SHB Mac Jones
|
0-0: Ball 1-0: Called Strike 1-1: Swinging Strike 1-2: Strikes out swinging
|
Batting: RHB Luis Árias
|
0-0: Called Strike 0-1: Ball 1-1: Foul Ball, location: 2F 1-2: Ball 2-2: SINGLE (Groundball, 56D) Wilbert Bernard to second
|
Batting: RHB Dylan Warren
|
0-0: Foul Ball, location: 2F 0-1: SINGLE (Groundball, 6MD) (infield hit) Wilbert Bernard to third Luis Árias to second
|
Pitching: LHP Franklin O'Morchoe
|
|
Batting: RHB Chris Boone
|
0-0: Ball 1-0: Foul Ball, location: 2F 1-1: Foul Ball, location: 2F 1-2: Foul Ball, location: 2F 1-2: Ball 2-2: Ball 3-2: Foul Ball, location: 2F 3-2: Base on Balls Wilbert Bernard scores Luis Árias to third Dylan Warren to second
|
Batting: LHB Patrick Ferguson
|
0-0: Ball 1-0: Ball 2-0: Ball 3-0: Base on Balls Luis Árias scores Dylan Warren to third Chris Boone to second
|
Batting: RHB Mitchell Darragh
|
0-0: Called Strike 0-1: SINGLE (Groundball, 4D) Dylan Warren scores Chris Boone to third Patrick Ferguson to second Runner from 3rd tries for Home, throw and OUT!
|
Bottom of the 8th over - 4 run(s), 5 hit(s), 0 error(s), 2 left on base; Spanish Fork HS 2 - Dublin Jerome HS 8 |
TOP OF THE 9TH |
Spanish Fork HS batting - Pitching for Dublin Jerome HS Celtics : RHP Don Feightner
|
Now at 2B: Bill Bryan
|
|
Batting: SHB Rafael Acosta
|
0-0: Ball 1-0: Foul Ball, location: 2F 1-1: Ball 2-1: Ball 3-1: Swinging Strike 3-2: Strikes out swinging
|
Batting: LHB Victor Stuart
|
0-0: Called Strike 0-1: Swinging Strike 0-2: Ball 1-2: Strikes out looking
|
Batting: LHB Mal Jiménez
|
0-0: Foul Ball, location: 2F 0-1: Foul Ball, location: 2F 0-2: Ball 1-2: Strikes out swinging
|
Top of the 9th over - 0 run(s), 0 hit(s), 0 error(s), 0 left on base; Spanish Fork HS 2 - Dublin Jerome HS 8 |
|